 Dungeon Crawl Stone Soup version 0.22-a0-601-gb0ed703 (webtiles) character file.

7528 magma69 the Spear-Bearer (level 10, -2/77 HPs)
             Began as a Demonspawn Gladiator on July 7, 2018.
             Was a Believer of Qazlal.
             Slain by a vampire (4 damage)
             ... on level 11 of the Dungeon.
             The game lasted 01:13:38 (12032 turns).

magma69 the Spear-Bearer (Demonspawn Gladiator)    Turns: 12032, Time: 01:13:39

Health: -2/77      AC:  8    Str: 14    XL:     10   Next: 96%
Magic:  0/10       EV: 15    Int: 11    God:    Qazlal [**....]
Gold:   140        SH: 12    Dex: 17    Spells: 9/9 levels left

rFire    . . .     SeeInvis .   a - +2 trident
rCold    + + .     Gourm    .   t - +0 shield
rNeg     . . .     Faith    .   J - +1 troll leather armour
rPois    .         Spirit   +   (helmet restricted)
rElec    .         Reflect  .   s - scarf {Spirit}
rCorr    .         Harm     .   (no gloves)
MR       .....                  (no boots)
Stlth    +.........             (no amulet)
HPRegen  0.62/turn              o - ring of protection from cold
MPRegen  0.12/turn              r - ring of protection from cold

@: no status effects
A: antennae 2, icy blue scales 1, demonic guardian 1, spiny 1
a: Upheaval, Renounce Religion


You were on level 11 of the Dungeon.
You worshipped Qazlal.
Qazlal was pleased with you.
You were not hungry.

You visited 2 branches of the dungeon, and saw 12 of its levels.

You collected 500 gold pieces.
You spent 360 gold pieces at shops.

Inventory:

Hand Weapons
 a - a +2 trident (weapon)
 i - a +2 falchion
 w - a +0 blowgun
 I - a +0 flail
Missiles
 d - 3 throwing nets (quivered)
 y - 5 curare-tipped needles
Armour
 h - a +2 plate armour of poison resistance
 s - a scarf of spirit shield (worn)
 t - a +0 shield (worn)
 E - a +2 cloak
 J - a +1 troll leather armour (worn)
 L - +0 fire dragon scales
Jewellery
 o - a ring of protection from cold (left hand)
 r - a ring of protection from cold (right hand)
Wands
 q - a wand of enslavement (15)
 D - a wand of iceblast (6)
 K - a wand of acid (12)
Scrolls
 c - 2 scrolls of identify
 j - 2 scrolls of teleportation
 n - a scroll of fear
 u - 2 scrolls of remove curse
 z - a scroll of magic mapping
 A - a scroll of noise {unknown}
 B - a scroll of amnesia
 C - a scroll of fog {unknown}
 F - 5 scrolls of blinking
 G - a scroll of acquirement {unknown}
Potions
 e - a potion of haste
 f - 2 potions of heal wounds
 g - 3 potions of might
 k - 2 potions of agility
 l - a potion of curing
 m - a potion of brilliance {unknown}
 p - a potion of ambrosia {unknown}
 x - 2 potions of lignification {unknown}
 H - 3 potions of flight {unknown}
 M - a potion of resistance {unknown}
Comestibles
 b - 2 chunks of flesh
 v - 7 rations


   Skills:
 + Level 6.3 Fighting
 + Level 9.7 Polearms
 + Level 2.0 Throwing
 + Level 6.1 Armour
 * Level 8.2 Dodging
 - Level 0.4 Stealth
 + Level 4.6 Shields


You had 9 spell levels left.
You didn't know any spells.
Your spell library contained the following spells:

 Spells                   Type           Power        Failure   Level  Hunger
 Magic Dart               Conj           #...         86%         1    ##.....
 Apportation              Tloc           #.....       86%         1    ##.....
 Conjure Flame            Conj/Fire      #.......     99%         3    ####...
 Slow                     Hex            #.......     94%         2    ###....
 Mephitic Cloud           Conj/Pois/Air  #.......     99%         3    ####...
 Summon Small Mammal      Summ           #...         86%         1    ##.....
 Blink                    Tloc           N/A          94%         2    ###....
 Animate Skeleton         Necr           N/A          86%         1    ##.....
 Call Imp                 Summ           #.......     94%         2    ###....
 Confusing Touch          Hex            #.....       86%         1    ##.....


Dungeon Overview and Level Annotations

Branches:
Dungeon (11/15)            Temple (1/1) D:5            Lair (0/6) D:10
    Orc: D:9-12

Altars:
Ashenzari
Cheibriados
Dithmenos
Elyvilon
Fedhas
Gozag
Hepliaklqana
Kikubaaqudgha
Makhleb
Nemelex Xobeh
Okawaru
Qazlal
Ru
Sif Muna
Trog
Uskayaw
Vehumet
Yredelemnul
Zin
The Shining One
Lugonu

Shops:
D:2 *   D:4 }   D:8 =


Innate Abilities, Weirdness & Mutations

You have a pair of antennae on your head.
You are partially covered in icy blue scales. (AC +2)
A weak demonic guardian rushes to your aid.
You are partially covered in sharp spines.


Message History

* * * LOW HITPOINT WARNING * * *
Something draws strength from your injuries!
You hit something but do no damage.
You hear some strange, mumbled words.
You are confused.
You're too confused!
You closely miss something. Something barely misses you. Something bites you.
* * * LOW HITPOINT WARNING * * *
Something draws strength from your injuries!
You hear some strange, mumbled words.
Something tries to affect you, but you resist.
Something hits you!
* * * LOW HITPOINT WARNING * * *
Something closely misses you.
Unholy energy fills the air.
* * * LOW HITPOINT WARNING * * *
You hit something but do no damage.
You feel less confused. Something hits you.
You die...

#..# #.................#
#..###.................#
#......................#
#.####....[............#
#.# #.................#
#.# #.................#
#.# #.................#
#.# #.................#
#.# #.......@.#######.#
#. #......{ยง.# .#
#.........# #
#.........# #.........#
#.........# #.(.......#
#.........# #.........#


There were no monsters in sight!

Vanquished Creatures
  Erica (D:9)
  A two-headed ogre (D:10)
  An unseen horror (D:11)
  Pikel (D:4)
  A cyclops (D:10)
  An elephant (D:10)
  A troll (D:10)
  4 hippogriffs
  A wyvern (D:11)
  2 basilisks (D:10)
  A hungry ghost (D:8)
  Menkaure (D:7)
  2 ice beasts
  A water moccasin (D:10)
  2 slaves (D:4)
  2 sky beasts
  A black bear (D:8)
  4 ogres
  A phantom (D:10)
  A necrophage (D:5)
  A centaur (D:11)
  3 big kobolds (D:3)
  2 bullfrogs
  A scorpion (D:8)
  6 killer bees (D:10)
  4 wights (D:6)
  A howler monkey (D:8)
  4 crimson imps
  A centaur zombie (D:8)
  2 jellies (D:10)
  An orc priest (D:4)
  6 hounds
  2 orc wizards
  A bullfrog skeleton (D:9)
  2 iguanas
  4 worker ants
  A hound zombie (D:6)
  A hound skeleton (D:8)
  Robin (D:3)
  7 gnolls
  9 adders
  3 shadow imps
  An ooze (D:5)
  An adder skeleton (D:5)
  An adder zombie (D:6)
  2 worms (D:2)
  A dart slug (D:1)
  5 leopard geckos
  26 orcs
  7 giant cockroaches
  21 goblins
  11 hobgoblins
  5 jackals
  55 kobolds
  5 quokkas
  2 ball pythons
  14 bats
  A frilled lizard (D:1)
  A quokka zombie (D:7)
  4 rats
256 creatures vanquished.

Vanquished Creatures (collateral kills)
  A hungry ghost (D:11)
  A black bear (D:6)
  A slave (D:4)
  2 ogres
  A centaur (D:6)
  A bullfrog (D:11)
  A big kobold (D:3)
  A wight (D:6)
  An orc priest (D:4)
  An adder (D:7)
  3 orcs
  A hobgoblin (D:3)
  3 jackals (D:4)
  2 kobolds (D:3)
20 creatures vanquished.

Vanquished Creatures (others)
  A slave (D:4)
  A worker ant (D:4)
  An adder (D:4)
3 creatures vanquished.

Grand Total: 279 creatures vanquished

Notes
Turn   | Place    | Note
-------+----------+-------------------------------------------
     0 | D:1      | magma69 the Demonspawn Gladiator began the quest for the Orb.
     0 | D:1      | Reached XP level 1. HP: 16/16 MP: 1/1
    29 | D:1      | Reached skill level 3 in Polearms
    29 | D:1      | Gained mutation: A weak demonic guardian rushes to your aid. [demonic ancestry]
    29 | D:1      | Reached XP level 2. HP: 15/22 MP: 2/2
   537 | D:1      | Reached XP level 3. HP: 27/27 MP: 3/3
  1050 | D:2      | Found Gozag's Platinum Reserve.
  1053 | D:2      | Found an opulent altar of Gozag.
  1070 | D:2      | Found a shattered altar of Ashenzari.
  1730 | D:2      | Found a blossoming altar of Fedhas.
  1733 | D:2      | Found an ancient bone altar of Kikubaaqudgha.
  1842 | D:2      | Reached XP level 4. HP: 23/33 MP: 4/4
  2450 | D:3      | Found a hazy altar of Hepliaklqana.
  2529 | D:3      | Reached skill level 1 in Armour
  2530 | D:3      | Noticed Robin
  2552 | D:3      | Killed Robin
  2577 | D:3      | Reached skill level 4 in Polearms
  2577 | D:3      | Reached XP level 5. HP: 29/39 MP: 5/5
  2818 | D:3      | Found a glowing silver altar of Zin.
  3257 | D:3      | Gained mutation: You have a pair of small antennae on your head. [demonic ancestry]
  3257 | D:3      | Reached XP level 6. HP: 19/46 MP: 6/6
  4105 | D:4      | Found Ricuklua's Gadget Emporium.
  4134 | D:4      | Noticed a slave
  4134 | D:4      | Noticed a slave
  4136 | D:4      | Noticed a slave
  4138 | D:4      | Noticed Pikel
  4140 | D:4      | Noticed a slave
  4393 | D:4      | Killed a slave
  4400 | D:4      | Killed a slave
  4417 | D:4      | Killed a slave
  4666 | D:4      | Found a white marble altar of Elyvilon.
  4673 | D:4      | Reached skill level 5 in Polearms
  4946 | D:4      | Killed Pikel
  4946 | D:4      | Reached skill level 5 in Dodging
  4946 | D:4      | Gained mutation: You are partially covered in icy blue scales. (AC +2) [demonic ancestry]
  4946 | D:4      | Reached XP level 7. HP: 20/53 MP: 7/7
  5635 | D:5      | Entered Level 5 of the Dungeon
  5766 | D:5      | Reached XP level 8. HP: 58/60 MP: 6/8
  5851 | D:5      | Found a staircase to the Ecumenical Temple.
  5871 | D:5      | Reached skill level 6 in Polearms
  5879 | Temple   | Entered the Ecumenical Temple
  6305 | Temple   | Became a worshipper of Qazlal Stormbringer
  6636 | D:5      | Found an iron altar of Okawaru.
  6875 | D:5      | Found a sparkling altar of Nemelex Xobeh.
  6878 | D:5      | Found a radiant altar of Vehumet.
  6881 | D:5      | Found a sacrificial altar of Ru.
  7320 | D:6      | Reached skill level 1 in Shields
  8030 | D:6      | HP: 1/60 [acid (7)]
  8449 | D:7      | Reached * piety under Qazlal
  8470 | D:7      | Reached skill level 7 in Polearms
  8498 | D:7      | Noticed Menkaure
  8518 | D:7      | Killed Menkaure
  8518 | D:7      | Gained mutation: You are partially covered in sharp spines. [demonic ancestry]
  8518 | D:7      | Reached XP level 9. HP: 22/66 MP: 3/9
  8948 | D:7      | Found Xuv Adgha's Food Emporium.
  8972 | D:7      | Bought a ration for 60 gold pieces
  8972 | D:7      | Bought a ration for 60 gold pieces
  8972 | D:7      | Bought a ration for 60 gold pieces
  8972 | D:7      | Bought a ration for 60 gold pieces
  8972 | D:7      | Bought a ration for 60 gold pieces
  8972 | D:7      | Bought a ration for 60 gold pieces
  9652 | D:8      | Found Suwkeah's Jewellery Shoppe.
  9850 | D:8      | Reached skill level 5 in Armour
 10096 | D:8      | Reached skill level 5 in Fighting
 10288 | D:8      | Reached skill level 8 in Polearms
 10430 | D:9      | Noticed Erica
 10442 | D:9      | Killed Erica
 10442 | D:9      | Gained mutation: You have a pair of antennae on your head. [demonic ancestry]
 10442 | D:9      | Reached XP level 10. HP: 51/74 MP: 8/10
 10579 | D:9      | Noticed a hell beast
 10599 | D:9      | Noticed an orange demon
 10599 | D:9      | Found a corrupted altar of Lugonu.
 10724 | D:10     | Entered Level 10 of the Dungeon
 10724 | D:10     | Noticed a cyclops
 10822 | D:10     | Noticed a two-headed ogre
 10833 | D:10     | Killed a two-headed ogre
 10929 | D:10     | Reached ** piety under Qazlal
 10929 | D:10     | Reached skill level 9 in Polearms
 11220 | D:10     | Found a staircase to the Lair.
 11361 | D:10     | Killed a cyclops
 11583 | D:10     | Noticed an elephant
 11608 | D:10     | Killed an elephant
 11877 | D:11     | Killed an unseen horror
 12029 | D:11     | HP: 3/77 [something (9)]
 12031 | D:11     | HP: 1/77 [something/vampiric draining (3)]
 12032 | D:11     | Slain by a vampire

Vault maps used:
D:1:      noname_arrival_rooms_in_the_neighbourhood
D:2:      grunt_temple_overflow_growth_and_decay,
          nicolae_gozag_zags_fifth_avenue, evilmike_ruin_ashenzari,
          kennysheep_crisscross, kennysheep_generic_room_15
D:3:      minmay_goblin_kobold_castle, lemuel_doored_altar,
          overflow_temple_1_default, first_ration, uniq_robin
D:4:      elyvilon_altar_3, serial_shops, shop, hangedman_abyss_or_decor_passed,
          dk_noncrumbling_4, corexii_hall_statues_t, uniq_pikel
D:5:      okawaru_altar_gauntlet_db, grunt_temple_overflow_diamond,
          minmay_temple_entry_crystal_x
D:7:      serial_shops, shop_fountains, uniq_menkaure
D:8:      nicolae_overflow_hidden_temple, serial_shops, shop, roderic_batcave
D:9:      lemuel_hellish_altar, uniq_erica, uniq_erolcha, uniq_maurice
D:10:     david_lair_generic
D:11:     gammafunk_ghost_icy
Temple:   compressed_dpeg_triangle_lava_temple

Skill      XL: |  1  2  3  4  5  6  7  8  9 10 |
---------------+-------------------------------+-----
Polearms       | 3 4 5 7 8 9 |  9.7
Dodging        | 3 4 5 6 7 8 |  8.2
Throwing       | 2 |  2.0
Armour         | 1 2 3 4 5 6 |  6.1
Fighting       | 3 4 5 6 |  6.3
Shields        | 2 3 4 |  4.6
Stealth        | |  0.4

Action                   |  1- 3 |  4- 6 |  7- 9 | 10-12 || total
-------------------------+-------+-------+-------+-------++-------
Melee: Trident           |   144 |   379 |   466 |   211 ||  1200
  Use: Scroll            |       |     9 |    11 |     1 ||    21
       Potion            |       |     4 |     5 |       ||     9
 Stab: Sleeping          |     3 |       |       |       ||     3
       Distracted        |       |       |     3 |     1 ||     4
  Eat: Chunk             |     3 |     3 |     1 |     2 ||     9
       Ration            |       |     3 |     6 |     1 ||    10
Armor: Leather armour    |    41 |       |       |       ||    41
       Ring mail         |    13 |   108 |       |       ||   121
       Animal skin       |       |     5 |       |       ||     5
       Chain mail        |       |       |   170 |    36 ||   206
       Troll leather arm |       |       |       |    24 ||    24
Dodge: Dodged            |   102 |   296 |   102 |    58 ||   558
Block: Shield            |       |       |   153 |   101 ||   254

Table legend:
 A = Spawn XP
 B = Non-spawn XP
 C = Spawn XP percentage of total XP
 D = Spawn monster count
 E = Non-spawn monster count
 F = Spawn count percentage of total count
 G = Total turns spent on level
                    A         B        C        D         E        F      G
               +---------+---------+-------+---------+---------+-------+---------
         Total |       0 |   10755 |   0.0 |       0 |     273 |   0.0 | 12032
               +---------+---------+-------+---------+---------+-------+---------
           D:1 |       0 |      57 |   0.0 |       0 |      29 |   0.0 |  1018
           D:2 |       0 |      53 |   0.0 |       0 |      14 |   0.0 |  1304
           D:3 |       0 |     484 |   0.0 |       0 |      86 |   0.0 |  2215
           D:4 |       0 |     781 |   0.0 |       0 |      19 |   0.0 |  1098
           D:5 |       0 |     392 |   0.0 |       0 |      21 |   0.0 |  1003
           D:6 |       0 |     558 |   0.0 |       0 |      15 |   0.0 |   837
           D:7 |       0 |     808 |   0.0 |       0 |      18 |   0.0 |  1203
           D:8 |       0 |    1661 |   0.0 |       0 |      29 |   0.0 |  1194
           D:9 |       0 |     897 |   0.0 |       0 |       5 |   0.0 |   299
          D:10 |       0 |    3727 |   0.0 |       0 |      28 |   0.0 |  1068
          D:11 |       0 |    1337 |   0.0 |       0 |       9 |   0.0 |   235
               +---------+---------+-------+---------+---------+-------+---------
